 Dungeon Crawl Stone Soup version 0.26-a0-854-gdc81c2f471 (webtiles) character file.

Game seed: 8514074764468511616

6492 robertstho the Grappler (level 10, -7/96 HPs)
             Began as a Troll Monk on Nov 23, 2020.
             Was a High Priest of Okawaru.
             Mangled by Snorg (15 damage)
             ... on level 10 of the Dungeon.
             The game lasted 00:12:54 (8101 turns).

robertstho the Grappler (Troll Monk)                Turns: 8101, Time: 00:12:54

Health: -7/96      AC: 10    Str: 24    XL:     10   Next: 68%
Magic:  10/12      EV: 14    Int:  4    God:    Okawaru [*****.]
Gold:   441        SH: 11    Dex: 12    Spells: 9/9 levels left

rFire    . . .     SeeInvis .   c - +0 scimitar of the Destroying Asp {elec, rPois rC+ rN++ Int-2}
rCold    + . .     Faith    .   b - +0 kite shield
rNeg     + + +     Spirit   .   F - +0 troll leather armour
rPois    +         Reflect  .   (helmet restricted)
rElec    .         Harm     .   i - +0 cloak
rCorr    .         Rampage  .   (gloves unavailable)
MR       .....                  (boots unavailable)
Stlth    ++++......             (no amulet)
HPRegen  1.06/turn              a - ring of positive energy
MPRegen  0.13/turn              A - ring of stealth

@: heroism
A: large, unfitting armour, claws 3, regeneration 1, shaggy fur 1, tough skin 3
a: Heroism, Finesse, Renounce Religion


You were on level 10 of the Dungeon.
You worshipped Okawaru.
Okawaru was extremely pleased with you.
You visited 2 branches of the dungeon, and saw 11 of its levels.

You collected 705 gold pieces.
You spent 264 gold pieces at shops.

Inventory:

Hand Weapons
 c - the +0 scimitar of the Destroying Asp (weapon) {elec, rPois rC+ rN++ Int-2}
   (Okawaru gifted it to you on level 10 of the Dungeon)

   Occasionally, upon striking a foe, it will discharge some electrical energy
   and cause terrible harm.
   It affects your intelligence (-2).
   It protects you from cold.
   It protects you from poison.
   It greatly protects you from negative energy.
 j - a +2 quarterstaff of chaos
 l - a +3 spear
Armour
 b - a +0 kite shield (worn)
 i - a +0 cloak (worn)
 v - a +1 robe of magic resistance
 F - a +0 troll leather armour (worn)
Jewellery
 a - a ring of positive energy (left claw)
 A - a ring of stealth (right claw)
Scrolls
 d - a scroll of blinking
 e - 4 scrolls of teleportation
 f - 3 scrolls of magic mapping {unknown}
 g - 4 scrolls of amnesia {unknown}
 h - 3 scrolls of immolation {unknown}
 k - a scroll of random uselessness {unknown}
 m - 4 scrolls of remove curse {unknown}
 o - 2 scrolls of enchant weapon {unknown}
 s - 4 scrolls of fog
 u - 2 scrolls of fear
 y - a scroll of noise {unknown}
 B - 2 scrolls of silence
 E - a scroll of enchant armour
Potions
 n - a potion of brilliance
 p - a potion of ambrosia
 q - a potion of cancellation
 r - 4 potions of curing
 t - a potion of berserk rage
 w - a potion of flight
 x - 2 potions of degeneration {unknown}
 z - 2 potions of haste
 C - 2 potions of invisibility
 D - a potion of mutation


   Skills:
 * Level 5.2(10.2) Fighting
 + Level 4.6(9.6) Dodging
 + Level 2.2(7.2) Stealth
 + Level 3.0(8.0) Shields
 * Level 12.8(17.8) Unarmed Combat
 * Level 4.0 Invocations


You had 9 spell levels left.
You didn't know any spells.
Your spell library contained the following spells:

 Spells                   Type           Power        Failure   Level
 Sandblast                Erth           #.....       63%         1
 Passwall                 Tmut/Erth      #.......     77%         2
 Stone Arrow              Conj/Erth      #.....       94%         3
 Petrify                  Tmut/Erth      #.......     100%        4
 Lee's Rapid Deconstruct  Erth           #.........   100%        5


Dungeon Overview and Level Annotations

Branches:
Dungeon (10/15)            Temple (1/1) D:5            Lair (0/6) D:8
    Orc (0/2) D:9

Altars:
Ashenzari
Cheibriados
Dithmenos
Elyvilon
Fedhas
Gozag
Hepliaklqana
Kikubaaqudgha
Makhleb
Nemelex Xobeh
Okawaru
Qazlal
Ru
Sif Muna
Trog
Uskayaw
Vehumet
Wu Jian
Xom
Yredelemnul
Zin
The Shining One

Shops:
D:5 (   D:7 }?:

Annotations:
D:10 Snorg


Innate Abilities, Weirdness & Mutations

You are too large for most types of armour.
You have claws for hands.
Your natural rate of healing is unusually fast.
You are covered in fur. (AC +1)
You have extremely tough skin. (AC +3)


Message History

You are too injured to fight recklessly!
You are too injured to fight recklessly!
You are too injured to fight recklessly!
You are too injured to fight recklessly!
You are too injured to fight recklessly!
You are too injured to fight recklessly!
You are too injured to fight recklessly!
You are too injured to fight recklessly!
You gain the combat prowess of a mighty hero.
Snorg completely misses you. You block Snorg's attack. Snorg claws you!
You slash Snorg!
Snorg is lightly wounded.
Snorg bites you. You block Snorg's attack. Snorg closely misses you.
Snorg bites you!!
* * * LOW HITPOINT WARNING * * *
Snorg misses you. Snorg claws you but does no damage.
You closely miss Snorg.
Snorg is lightly wounded.
Snorg bites you!
You die...

.... .... .. ...# ..#
##########..# ..#
............#######..#
.....................#
.................?...#
.....................#
.....................#
................@T...#
.....................#
........[....#########
.............#
.............#
......).........
......##########
#####.# .............


You could see Snorg (berserk).

Vanquished Creatures
  A two-headed ogre (D:8)
  Joseph (D:7)
  2 trolls
  Menkaure (D:5)
  Edmund (D:5)
  2 water moccasins
  2 orc warriors (D:8)
  3 ice beasts
  2 phantoms
  2 necrophages (D:6)
  3 ogres
  A wolf (D:7)
  6 centaurs
  2 big kobolds
  6 bullfrogs
  A gnoll sergeant (D:10)
  2 scorpions
  5 killer bees (D:9)
  16 wights
  4 electric eels (D:8)
  2 jellies
  A bullfrog zombie (D:8)
  11 hounds
  4 orc priests
  2 bullfrog skeletons
  Crazy Yiuf (D:3)
  An iguana (D:8)
  5 worker ants
  8 orc wizards
  A hound skeleton (D:9)
  7 gnolls
  2 howler monkey skeletons
  10 adders
  A shadow imp (D:7)
  3 white imps
  2 ufetubi
  An adder zombie (D:9)
  2 adder skeletons (D:9)
  2 worms
  3 dart slugs
  4 leopard geckos
  40 orcs
  A ball python (D:1)
  6 bats
  3 giant cockroaches
  8 goblins
  8 hobgoblins
  7 jackals
  4 quokkas
  9 frilled lizards
  A giant cockroach zombie (D:5)
  18 kobolds
  A leopard gecko skeleton (D:4)
  A quokka skeleton (D:4)
  5 rats
248 creatures vanquished.

Notes
Turn   | Place    | Note
-------+----------+-------------------------------------------
     0 | D:1      | robertstho the Troll Monk began the quest for the Orb.
     0 | D:1      | Reached XP level 1. HP: 22/22 MP: 0/0
    84 | D:1      | Reached XP level 2. HP: 19/29 MP: 1/1
   403 | D:1      | Reached XP level 3. HP: 36/36 MP: 2/2
  1041 | D:3      | Found a runed translucent door.
  1042 | D:3      | Noticed Crazy Yiuf
  1054 | D:3      | Killed Crazy Yiuf
  1055 | D:3      | Reached skill level 4 in Unarmed Combat
  1055 | D:3      | Reached XP level 4. HP: 18/44 MP: 3/3
  1203 | D:3      | Found a sacrificial altar of Ru.
  1257 | D:3      | Reached XP level 5. HP: 20/53 MP: 4/4
  1574 | D:3      | Reached skill level 5 in Unarmed Combat
  2058 | D:4      | Reached XP level 6. HP: 60/61 MP: 5/5
  2136 | D:4      | Reached skill level 6 in Unarmed Combat
  2207 | D:4      | Reached XP level 7. HP: 51/67 MP: 6/6
  2416 | D:4      | Reached skill level 1 in Shields
  2518 | D:5      | Entered Level 5 of the Dungeon
  2535 | D:5      | Found Huaxofro's Antique Weapon Shop.
  2560 | D:5      | Noticed Edmund
  2571 | D:5      | Killed Edmund
  2635 | D:5      | Noticed Menkaure
  2643 | D:5      | Killed Menkaure
  2644 | D:5      | Reached skill level 7 in Unarmed Combat
  2905 | D:5      | Reached XP level 8. HP: 78/78 MP: 7/7
  2932 | D:5      | Reached skill level 8 in Unarmed Combat
  3032 | D:5      | Found a staircase to the Ecumenical Temple.
  3054 | Temple   | Entered the Ecumenical Temple
  3150 | Temple   | Became a worshipper of Warmaster Okawaru
  3150 | Temple   | Reached * piety under Okawaru
  3150 | Temple   | Reached ** piety under Okawaru
  3336 | D:5      | Found a hazy altar of Hepliaklqana.
  3552 | D:6      | Found a sacrificial altar of Ru.
  3845 | D:6      | Reached skill level 1 in Invocations
  3919 | D:6      | Reached skill level 9 in Unarmed Combat
  4076 | D:6      | Found an ornate altar of the Wu Jian Council.
  4077 | D:6      | Found a broken altar of Ashenzari.
  4078 | D:6      | Found a stormy altar of Qazlal.
  4078 | D:6      | Found a radiant altar of Vehumet.
  4373 | D:7      | Found Roumpuhe's Book Boutique.
  4446 | D:7      | Reached XP level 9. HP: 70/82 MP: 9/9
  4517 | D:7      | Reached skill level 10 in Unarmed Combat
  4546 | D:7      | Reached *** piety under Okawaru
  4722 | D:7      | Found Lunameump's Magic Scroll Boutique.
  4744 | D:7      | Noticed Joseph
  4758 | D:7      | Killed Joseph
  4763 | D:7      | Found Fytaj's Gadget Shop.
  4867 | D:7      | Bought a scroll of fog for 24 gold pieces
  4867 | D:7      | Bought a scroll of identify for 24 gold pieces
  4867 | D:7      | Bought a scroll of identify for 24 gold pieces
  4867 | D:7      | Bought a scroll of fear for 42 gold pieces
  4867 | D:7      | Bought a scroll of identify for 24 gold pieces
  4867 | D:7      | Bought a scroll of teleportation for 36 gold pieces
  4867 | D:7      | Bought a scroll of silence for 90 gold pieces
  5159 | D:8      | Reached skill level 11 in Unarmed Combat
  5225 | D:8      | Noticed a troll
  5311 | D:8      | Reached **** piety under Okawaru
  5648 | D:8      | Noticed a two-headed ogre
  5653 | D:8      | Killed a two-headed ogre
  5654 | D:8      | Reached XP level 10. HP: 65/92 MP: 11/11
  5966 | D:8      | Reached skill level 12 in Unarmed Combat
  6048 | D:8      | Found a staircase to the Lair.
  6991 | D:9      | Reached skill level 5 in Fighting
  6998 | D:9      | Found a staircase to the Orcish Mines.
  7177 | D:9      | Reached ***** piety under Okawaru
  7802 | D:10     | Entered Level 10 of the Dungeon
  8013 | D:10     | Received a gift from Okawaru
  8016 | D:10     | Got an encrusted scimitar {god gift}
  8016 | D:10     | Identified the +0 scimitar of the Destroying Asp {elec,
                  | rPois rC+ rN++ Int-2} (Okawaru gifted it to you on level 10
                  | of the Dungeon)
  8091 | D:10     | Noticed Snorg
  8101 | D:10     | Mangled by Snorg

Illustrated notes

Levels and vault maps discovered:
D:1:      eino_arrival_druids_welcome, layout_basic
D:2:      layout_basic
D:3:      layout_loops_ring, hangedman_decor_push,
          nicolae_ru_sacrificial_ziggurat, uniq_crazy_yiuf_cottage
D:4:      layout_basic
D:5:      layout_basic, nicolae_overflow_crystal_walls,
          minmay_temple_entry_mini_moons, serial_shops, shop,
          hangedman_decor_growths, minmay_misc_feat_encased, uniq_menkaure,
          uniq_edmund
D:6:      layout_loops_corners, chequers_temple_overflow_statue_of_worship,
          basic_altar
D:7:      layout_basic, serial_shops, nicolae_shop_behind_doors, shop, shop,
          uniq_joseph
D:8:      layout_layer_cave, erik_lair_island
D:9:      layout_loops_ring, orc_0_dummy
D:10:     lemuel_ice_statue, layout_long_grid, uniq_snorg, uniq_harold
Temple:   minmay_crystal_spiral_temple

Skill      XL: |  1  2  3  4  5  6  7  8  9 10 |
---------------+-------------------------------+-----
Unarmed Combat | 4 5 6 7 9 11 12 | 12.8
Fighting       | 3 4 5 |  5.2
Dodging        | 3 4 |  4.6
Shields        | 1 2 3 |  3.0
Stealth        | 2 |  2.2
Invocations    | 1 3 4 |  4.0

Action                   |  1- 3 |  4- 6 |  7- 9 | 10-12 || total
-------------------------+-------+-------+-------+-------++-------
Melee: Unarmed           |    91 |   135 |   319 |   187 ||   732
       Punch             |     1 |       |       |       ||     1
       Scimitar          |       |       |       |     6 ||     6
Invok: Heroism           |       |       |     1 |     6 ||     7
  Use: Potion            |     1 |     2 |       |     5 ||     8
       Scroll            |       |       |       |    10 ||    10
 Stab: Sleeping          |     5 |     3 |     3 |     4 ||    15
       Distracted        |       |     1 |       |       ||     1
Armor: Robe              |    53 |    32 |    99 |    50 ||   234
       Skin              |       |     9 |       |       ||     9
       Troll leather arm |       |       |       |     6 ||     6
Dodge: Dodged            |    44 |    36 |    89 |    78 ||   247
Block: Kite shield       |    16 |    29 |    96 |    86 ||   227

Table legend: (Time is in decaauts)
 A = Elapsed time spent in this place.
 B = Non-inter-level travel time spent in this place.
 C = Inter-level travel time spent in this place.
 D = Time resting spent in this place.
 E = Time spent auto-exploring this place.
 F = Levels seen in this place.
 G = Mean time per level.
                   A        B        C        D        E       F      G
               +--------+--------+--------+--------+--------+-----+--------+
         Total |   8046 |   7667 |    379 |    650 |   5384 |  11 |  731.5 |
       Dungeon |   7874 |   7582 |    292 |    650 |   5306 |  10 |  787.4 |
        Temple |    172 |     86 |     86 |      0 |     78 |   1 |  172.0 |
               +--------+--------+--------+--------+--------+-----+--------+

Top non-repeatable levels by time:
     D:8: 1778 daAuts
     D:9: 1017 daAuts
     D:3: 989 daAuts
     D:5: 855 daAuts
     D:7: 812 daAuts
     D:6: 805 daAuts
     D:4: 532 daAuts
     D:1: 531 daAuts
     D:2: 461 daAuts
  Temple: 172 daAuts
    D:10: 88 daAuts
